cohdb
Replays
Latest Replays
All Replays
Popular Replays
Top Player Replays
Match Explorer
How It Works
Community
CoH3 Stats
Reddit
Sign in to upload your games and track your stats! →
Sign in with Steam
Match 41374154
Unlisted
Match 41374154
Overview
Messages
Build Orders
End
Pioneer Squad
Construct Infanterie Kompanie
MG 42 Machine Gun Team
Grenadier Squad
Grenadier Squad
MG 42 Machine Gun Team
Construct Luftwaffe Kompanie
Jäger Squad
Medical Bunker
Support Elements
Marder III M Tank Destroyer
Marder III M Tank Destroyer
GrW 34 Mortar Team
GrW 34 Mortar Team
Wirbelwind Flakpanzer
Jäger Squad
Side Skirts
MG 42 Machine Gun Team
Selects Mechanized Battlegroup
Selects Mobile Repair Stations
Selects Wespe Self-propelled Artillery
Marder III M Tank Destroyer
Pioneer Squad
Pioneer Squad
Selects Zeroing Artillery Barrage
Zeroing Artillery Barrage
Marder III M Tank Destroyer
Pioneer Squad
Wirbelwind Flakpanzer
Pioneer Squad
Jäger Squad
Grenadier Squad
Grenadier Squad
Marder III M Tank Destroyer
coldvortex
只愛❤毛妹
0
0
Comments
sign in to comment!
No comments posted yet!